 Dungeon Crawl Stone Soup version 0.25.0-33-gff14898491 (webtiles) character file.

Game seed: 18251581813351960881

360 Modlin the Sneak (level 6, -1/35 HPs)
             Began as a Vampire Enchanter on July 6, 2020.
             Slain by a hound (5 damage)
             ... on level 5 of the Dungeon.
             The game lasted 00:12:03 (2360 turns).

Modlin the Sneak (Vampire Enchanter)                Turns: 2360, Time: 00:12:03

Health: -1/35      AC:  3    Str:  7    XL:     6   Next: 38%
Magic:  1/10       EV: 13    Int: 19    God:
Gold:   63         SH:  0    Dex: 15    Spells: 4/10 levels left

rFire    . . .     SeeInvis +   a - +1 dagger
rCold    + + .     Gourm    .   (no shield)
rNeg     + + +     Faith    .   b - +0 robe
rPois    ∞         Spirit   .   (no helmet)
rElec    .         Reflect  .   m - +0 cloak
rCorr    .         Harm     .   (no gloves)
MR       .....                  (no boots)
Stlth    +++++.....             (no amulet)
HPRegen  0.00/turn              (no ring)
MPRegen  0.12/turn              (no ring)

@: bloodless
A: no food, fangs 3, see invisible, unbreathing
a: Bat Form, Revivify


You were on level 5 of the Dungeon.
You were bloodless.

You visited 1 branch of the dungeon, and saw 5 of its levels.

You collected 63 gold pieces.

Inventory:

Hand Weapons
 a - a +1 dagger (weapon)
 e - a +0 hunting sling
Missiles
 d - 16 sling bullets
Armour
 b - a +0 robe (worn)
 m - a +0 cloak (worn)
Jewellery
 c - an uncursed ring of positive energy {unknown}
 l - a +4 ring of protection {unknown}
Wands
 j - a wand of acid (9)
Scrolls
 h - 4 scrolls of teleportation {unknown}
Potions
 f - a potion of flight {unknown}
 g - 2 potions of curing {unknown}
 i - a potion of stabbing {unknown}
 k - a potion of haste {unknown}


   Skills:
 + Level 1.8 Fighting
 * Level 3.6 Short Blades
 + Level 3.3 Dodging
 * Level 6.9 Stealth
 + Level 2.8 Spellcasting
 + Level 5.3 Hexes
 + Level 0.1 Ice Magic


You had 4 spell levels left.
You knew the following spells:

 Your Spells              Type           Power        Failure   Level  Hunger
a - Corona                Hex            ###....      1%          1    N/A
q - Ensorcelled Hibernat  Hex/Ice        ##....       8%          2    N/A
w - Confusing Touch       Hex            ###.....     5%          3    N/A

Your spell library contained the following spells:

 Spells                   Type           Power        Failure   Level  Hunger
 Tukima's Dance           Hex            ###.....     5%          3    N/A
 Dazzling Flash           Conj/Hex       ##....       16%         3    N/A

Dungeon Overview and Level Annotations

Branches:
Dungeon (5/15)
 Temple: D:4-7

Altars:
Okawaru

Annotations:
D:5 Duvessa


Innate Abilities, Weirdness & Mutations

You do not eat.
You do not regenerate when monsters are visible.
You are frail without blood (-20% HP).
You can heal yourself when you bite living creatures.
You are immune to poison.
You have razor-sharp teeth.
You have supernaturally acute eyesight. (SInv)
You can survive without breathing.


Message History

You miss the hound.
The hound is severely wounded.
The hound bites you.
* * * LOW HITPOINT WARNING * * *
The iguana hisses menacingly.
You closely miss the hound.
The hound is severely wounded.
The hound bites you but does no damage.
You hit the hound.
The hound is severely wounded.
The hound bites you.
* * * LOW HITPOINT WARNING * * *
The hound bites you but does no damage.
You closely miss the hound. Your bite misses the hound.
The hound is severely wounded.
The hound barely misses you.
You barely miss the hound.
The hound is severely wounded.
The hound bites you.
You die...

..........#.# #.#######.#
..........#.# #.........#
#+#########.# #.......### .
......###.#####...###.# .
...........##...#...# .
.............>..###.# #.
##..##.##.##...# #.#
#.#####..##.##.##...# #.#
..............lh@...# #.#
.........##.##.###%####.######
.........##..................#
.........#####.###.##.#.######
............ ...........#
.......#.### #.###.##.###
.......#.# #.# ####.#
.......#.# #.# #.# ..######.#
#.#


You could see an iguana and a hound.

Vanquished Creatures
  2 ogres (D:4)
  A scorpion (D:4)
  2 worker ants (D:4)
  4 adders
  A shadow imp (D:5)
  An ooze (D:2)
  A worm (D:2)
  2 dart slugs
  A leopard gecko (D:2)
  2 orcs
  5 bats
  A giant cockroach (D:5)
  6 goblins
  8 hobgoblins
  2 quokkas
  3 frilled lizards
  5 kobolds
  2 rats
49 creatures vanquished.

Notes
Turn   | Place    | Note
-------+----------+-------------------------------------------
     0 | D:1      | Modlin the Vampire Enchanter began the quest for the Orb.
     0 | D:1      | Reached XP level 1. HP: 13/13 MP: 3/3
   124 | D:1      | Reached XP level 2. HP: 6/19 MP: 1/5
   577 | D:1      | Reached skill level 5 in Stealth
   582 | D:1      | Learned a level 2 spell: Ensorcelled Hibernation
   660 | D:2      | Reached XP level 3. HP: 20/20 MP: 1/6
  1211 | D:2      | Reached skill level 1 in Fighting
  1211 | D:2      | Reached XP level 4. HP: 25/25 MP: 7/7
  1693 | D:4      | Noticed an ogre
  1715 | D:4      | Killed an ogre
  1715 | D:4      | Reached skill level 6 in Stealth
  1715 | D:4      | Reached skill level 5 in Hexes
  1715 | D:4      | Reached XP level 5. HP: 22/29 MP: 5/8
  1771 | D:4      | Noticed an ogre
  1775 | D:4      | Killed an ogre
  1816 | D:4      | Reached XP level 6. HP: 15/34 MP: 0/10
  2044 | D:4      | Learned a level 3 spell: Confusing Touch
  2157 | D:5      | Entered Level 5 of the Dungeon
  2157 | D:5      | Found an iron altar of Okawaru.
  2167 | D:5      | Noticed Duvessa
  2360 | D:5      | Slain by a hound

Illustrated notes

Levels and vault maps discovered:
D:1:      erik_arrival_triangle_small, layout_loops_ring
D:2:      layout_rooms, first_ration, corexii_item_surrounded_by_moat
D:3:      layout_rooms, gammafunk_ghost_icy, minmay_joined_circles
D:4:      layout_cave_pools
D:5:      layout_basic, basic_altar, serial_shops, kennysheep_mini,
          nicolae_shop_overgrown_old_shop, uniq_edmund, uniq_duvessa,
          uniq_prince_ribbit1

Skill      XL: |  1  2  3  4  5 |
---------------+----------------+-----
Stealth        | 5 6 |  6.9
Short Blades   | 2 3 |  3.6
Fighting       | 1 |  1.8
Hexes          | 5 |  5.3
Dodging        | 3 |  3.3
Spellcasting   | |  2.8
Ice Magic      | |  0.1

Action                   |  1- 3 |  4- 6 || total
-------------------------+-------+-------++-------
Melee: Dagger            |   132 |    60 ||   192
       Bite              |     8 |     4 ||    12
 Cast: Corona            |     9 |       ||     9
       Ensorcelled Hiber |     5 |    26 ||    31
       Confusing Touch   |       |     1 ||     1
 Abil: Exsanguinate      |     1 |       ||     1
 Stab: Sleeping          |    13 |    18 ||    31
Armor: Robe              |    14 |    12 ||    26
Dodge: Dodged            |    61 |    37 ||    98
